 Dungeon Crawl Stone Soup version 0.18-a0-1799-g6250cb2 (webtiles) character file.

22192 graki42 the Eclecticist (level 12, -6/62 HPs)
             Began as a Deep Elf Fire Elementalist on Apr 24, 2016.
             Was an Elder of Vehumet.
             Mangled by feelmyfire's ghost (23 damage)
             ... on level 2 of the Lair of Beasts.
             The game lasted 01:38:14 (17471 turns).

graki42 the Eclecticist (DEFE)                     Turns: 17471, Time: 01:38:14

Health: -6/62      AC: 14    Str:  7    XL:     12   Next: 60%
Magic:  24/33      EV: 17    Int: 24    God:    Vehumet [****..]
Gold:   417        SH:  6    Dex: 15    Spells: 6 memorised, 24 levels left

rFire  + . .     SeeInvis .     J - staff of wizardry
rCold  + + .     Gourm    .     A - +2 robe {rC+ rF+}
rNeg   . . .     Faith    .     (no shield)
rPois  .         Spirit   .     u - +2 helmet
rElec  .         Dismiss  .     n - +2 cloak
rCorr  .         Reflect  +     G - +2 pair of gloves {archery}
SustAt .         Harm     .     t - +0 pair of boots
MR     +++..                    v - +6 amulet of reflection
Stlth  ++........               a - ring "Xiygrir" {rC+ MR+}
                                w - ring of protection from magic

@: very slightly contaminated, hasted, very quick, extremely resistant to
hostile enchantments, unstealthy
A: no striking features
a: Renounce Religion


You were on level 2 of the Lair of Beasts.
You worshipped Vehumet.
Vehumet was greatly pleased with you.
You were very hungry.

You visited 3 branches of the dungeon, and saw 14 of its levels.
You also visited: Sewer.

You collected 713 gold pieces.
You spent 296 gold pieces at shops.

Inventory:

Armour
 n - a +2 cloak (worn)
 t - a +0 pair of boots (worn)
 u - a +2 helmet (worn)
 A - a +2 robe of resistance (worn)
 G - a +2 pair of gloves of archery (worn)
Magical Staves
 J - an uncursed staff of wizardry (weapon)
Jewellery
 a - the ring "Xiygrir" (right hand) {rC+ MR+}
   (You acquired it in the Ecumenical Temple)

   [ring of protection from cold]

   It protects you from cold.
   It affects your resistance to hostile enchantments.
 b - an uncursed ring of sustain attributes
 e - a cursed amulet of inaccuracy {unknown}
 o - an uncursed ring of positive energy
 v - a +6 amulet of reflection (around neck)
 w - a ring of protection from magic (left hand)
Wands
 d - a wand of disintegration (4/24)
 z - a wand of digging (6/24)
 K - a wand of iceblast (2/15)
 P - a wand of digging (16/24)
Scrolls
 f - 2 scrolls of amnesia
 i - 2 scrolls of identify
 l - 2 scrolls of remove curse
 m - 3 scrolls of recharging
 r - a scroll of enchant armour
 s - a scroll of holy word {unknown}
 x - a scroll of magic mapping {unknown}
 y - a scroll of brand weapon {unknown}
 L - a scroll of fog
Potions
 h - 7 potions of curing
 k - 6 potions of heal wounds
 p - 2 potions of haste
 q - a potion of mutation {unknown}
 F - 2 potions of invisibility
Comestibles
 c - 6 bread rations
 g - 3 fruits
 j - a meat ration


   Skills:
 + Level 1.9 Fighting
 + Level 7.9 Dodging
 - Level 2.4 Stealth
 + Level 15.1 Spellcasting
 + Level 11.0 Conjurations
 + Level 3.7 Hexes
 + Level 11.7 Fire Magic
 * Level 7.3 Earth Magic
 + Level 0.7 Evocations


You had 24 spell levels left.
You knew the following spells:

 Your Spells              Type           Power        Failure   Level  Hunger
a - Flame Tongue          Conj/Fire      #####        1%          1    None
b - Conjure Flame         Conj/Fire      ######..     1%          3    None
c - Inner Flame           Hex/Fire       ######..     1%          3    None
d - Sticky Flame          Conj/Fire      ######..     1%          4    None
e - Fireball              Conj/Fire      ######....   1%          5    ##.....
f - Sandblast             Erth           ######       1%          1    None


Dungeon Overview and Level Annotations

Branches:
Dungeon (11/15)            Temple (1/1) D:7            Lair (2/8) D:11
    Orc: D:9-12

Altars:
Ashenzari
Cheibriados
Dithmenos
Elyvilon
Fedhas
Gozag
Kikubaaqudgha
Makhleb
Nemelex Xobeh
Okawaru
Pakellas
Qazlal
Ru
Sif Muna
Trog
Vehumet
Xom
Yredelemnul
Zin
The Shining One

Shops:
D:5 :   D:6 (   D:7 *   D:9 }*([[   D:10 *

Portals:
Trove: D:10 (give wand of hasting (9))

Annotations:
Lair:2 feelmyfire's ghost, journeyman MiFi


Message History

Feelmyfire's ghost is engulfed in roaring flames.
Feelmyfire's ghost hits you but does no damage.
Drink which item? (? for menu, Esc to quit)
You feel yourself speed up.
Feelmyfire's ghost is engulfed in roaring flames.
Feelmyfire's ghost hits you!!!
Ouch! That really hurt!
* * * LOW HITPOINT WARNING * * *
You are very lightly contaminated with residual magic.
Casting: Flame Tongue
Confirm with . or Enter, or press ? or * to list all spells.
Aiming: Flame Tongue
Press: ? - help, Shift-Dir - straight line, f/p - feelmyfire's ghost
Aim: feelmyfire's ghost, wielding a weapon of protection (flame, lightly damaged)
The flame tongue hits feelmyfire's ghost.
Feelmyfire's ghost appears unharmed.
Feelmyfire's ghost is lightly damaged.
Feelmyfire's ghost is engulfed in roaring flames.
Feelmyfire's ghost hits you!!
You die...

.....# ...### ...##
...P# ### ###
...#######.###.#
......#........##
..#...........#.#
##.##..........#######
###..#.........W@....#
# #..........><#######
# ##.P..........#
###..##........####
#...............#.#
#..#..##.##.......#
#...#..##......#..##
##...##..#..........##
#P....#.##..........P#


You could see feelmyfire's ghost.

Vanquished Creatures
  Erolcha (D:10)
  2 hydras
  The ghost of simok the Destroyer, a journeyman DrFE of Vehumet (Lair:1)
  The ghost of Sagrath01 the Transmogrifier, a novice DrTm of Okawaru (Lair:1)
  2 unseen horrors
  7 hill giants
  An ugly thing (D:11)
  2 cyclopes (D:11)
  A manticore (D:11)
  A black mamba (Lair:2)
  4 spiny frogs
  2 komodo dragons
  A queen bee (D:11)
  A troll (D:11)
  Prince Ribbit (D:5)
  4 two-headed ogres
  A wraith (D:8)
  A wyvern (D:11)
  4 yaks (D:11)
  2 hungry ghosts (D:11)
  3 hippogriffs
  2 wargs (D:11)
  6 porcupines (Lair:2)
  3 water moccasins
  6 orc warriors
  3 sky beasts
  3 phantoms
  The ghost of Duffy the Chopper, an amateur HOFi (D:3)
  3 necrophages
  4 ogres
  3 centaurs
  4 wolves (Lair:2)
  A big kobold (Sewer)
  6 giant frogs
  A gnoll sergeant (D:10)
  5 scorpions
  16 killer bees (D:11)
  8 wights (D:11)
  2 howler monkeys (D:11)
  4 centaur zombies
  A crimson imp (D:11)
  A giant frog skeleton (D:10)
  3 jellies
  Crazy Yiuf (D:4)
  5 hounds
  4 orc priests
  14 orc wizards
  3 iguanas
  8 worker ants
  A killer bee zombie (D:10)
  8 sheep (Lair:2)
  A hound zombie (D:10)
  A hound skeleton (D:4)
  2 worker ant zombies
  10 gnolls
  A howler monkey skeleton (D:7)
  13 adders
  31 river rats
  3 shadow imps
  An ooze (D:4)
  2 adder skeletons (D:4)
  2 worms
  A dart slug (D:3)
  6 giant geckos
  46 orcs
  2 ball pythons (D:5)
  8 bats
  5 giant cockroaches
  8 goblins
  7 hobgoblins
  7 jackals
  12 kobolds
  4 quokkas
  A ball python skeleton (D:4)
  3 giant newts
  A quokka skeleton (D:5)
  9 rats
  A fungus (Lair:2)
361 creatures vanquished.

Vanquished Creatures (others)
  Joseph (D:7)
  5 fungi (Lair:2)
  3 plants
9 creatures vanquished.

Grand Total: 370 creatures vanquished

Notes
Turn   | Place    | Note
--------------------------------------------------------------
     0 | D:1      | graki42 the Deep Elf Fire Elementalist began the quest for the Orb.
     0 | D:1      | Reached XP level 1. HP: 10/10 MP: 6/6
   264 | D:1      | Reached XP level 2. HP: 15/15 MP: 6/8
   905 | D:2      | Reached XP level 3. HP: 19/19 MP: 4/9
   986 | D:2      | You fall through a shaft!
  1034 | D:3      | Learned a level 3 spell: Conjure Flame
  1038 | D:3      | Learned a level 3 spell: Inner Flame
  1207 | D:3      | Noticed Duffy's ghost (amateur HOFi)
  1208 | D:3      | Noticed a centaur
  1250 | D:3      | Reached XP level 4. HP: 16/24 MP: 2/11
  1642 | D:2      | Found a shattered altar of Ashenzari.
  1929 | D:3      | Killed a centaur
  1929 | D:3      | Reached skill level 4 in Spellcasting
  1929 | D:3      | Reached XP level 5. HP: 24/28 MP: 6/13
  2141 | D:3      | Reached skill level 5 in Fire Magic
  2571 | D:3      | Killed Duffy's ghost
  2571 | D:3      | Reached XP level 6. HP: 32/32 MP: 1/15
  3010 | D:4      | Reached skill level 5 in Spellcasting
  3076 | D:4      | Found a glowing drain.
  3080 | Sewer    | Entered a sewer
  3423 | Sewer    | Found a white marble altar of Elyvilon.
  3534 | D:4      | Reached XP level 7. HP: 23/37 MP: 13/17
  3715 | D:4      | Reached skill level 6 in Spellcasting
  3855 | D:4      | Found a stormy altar of Qazlal.
  4232 | D:4      | Found a sacrificial altar of Ru.
  4235 | D:4      | Found a sparkling altar of Nemelex Xobeh.
  4239 | D:4      | Found a snail-covered altar of Cheibriados.
  4304 | D:4      | Reached skill level 5 in Conjurations
  4403 | D:4      | Noticed Crazy Yiuf
  4410 | D:4      | Killed Crazy Yiuf
  4470 | D:4      | Got a pitted mace
  4471 | D:4      | Identified the +5 mace of Famine {freeze, +Fly} (You found it on level 4 of the Dungeon)
  4522 | D:5      | Entered Level 5 of the Dungeon
  4550 | D:5      | Found Xonu's Book Boutique.
  4553 | D:5      | Noticed Prince Ribbit
  4597 | D:5      | Killed Prince Ribbit
  4597 | D:5      | Reached skill level 7 in Spellcasting
  4597 | D:5      | Reached XP level 8. HP: 42/42 MP: 5/21
  4741 | D:5      | Learned a level 4 spell: Sticky Flame
  4747 | D:5      | Learned a level 5 spell: Fireball
  4869 | D:5      | Reached skill level 8 in Spellcasting
  5830 | D:6      | Reached skill level 1 in Hexes
  5830 | D:6      | Reached skill level 9 in Spellcasting
  5933 | D:6      | Reached skill level 1 in Fighting
  6004 | D:6      | Found Bioc's Antique Weapon Emporium.
  6422 | D:7      | Got an encrusted ring mail
  6433 | D:7      | Identified the +1 ring mail of Spite {+Inv rElec Str+2 Stlth+} (You found it on level 7 of the Dungeon)
  6450 | D:7      | Found Qixanim's Assorted Antiques.
  6453 | D:7      | Bought a fuming red potion for 22 gold pieces
  6453 | D:7      | Bought a white potion for 22 gold pieces
  6606 | D:7      | Reached XP level 9. HP: 47/47 MP: 20/24
  6610 | D:7      | Noticed Joseph
  6615 | D:7      | Killed Joseph
  6615 | D:7      | Reached skill level 5 in Dodging
  6941 | D:7      | Found a staircase to the Ecumenical Temple.
  6947 | Temple   | Entered the Ecumenical Temple
  7032 | Temple   | Became a worshipper of Vehumet
  7372 | D:7      | Found a shadowy altar of Dithmenos.
  7567 | D:8      | Reached skill level 10 in Spellcasting
  8335 | D:9      | Found Pion's Armour Boutique.
  8340 | D:9      | Found Huaclux's Antique Weapon Boutique.
  8482 | D:9      | Found Xocyexkujur's Antique Armour Shop.
  8485 | D:9      | Bought a shiny helmet for 126 gold pieces
  8485 | D:9      | Bought a pair of embroidered gloves for 126 gold pieces
  8792 | D:9      | Found Beavvol's Gadget Shop.
  8903 | D:9      | Found Poryireb's Assorted Antiques.
  9244 | Temple   | Identified a scroll of acquirement
  9245 | Temple   | Got a steaming brass ring
  9271 | Temple   | Identified the ring "Xiygrir" {rC+ MR+} (You acquired it in the Ecumenical Temple)
  9352 | D:10     | Entered Level 10 of the Dungeon
  9352 | D:10     | Found Irobuiby's General Store.
  9425 | D:10     | Reached skill level 11 in Spellcasting
  9449 | D:10     | Noticed a hill giant
  9461 | D:10     | Killed a hill giant
  9461 | D:10     | Reached XP level 10. HP: 52/52 MP: 13/27
 10109 | D:10     | Noticed a hill giant
 10127 | D:10     | Killed a hill giant
 10251 | D:10     | Reached * piety under Vehumet
 10251 | D:10     | Offered knowledge of Sandblast by Vehumet.
 10257 | D:10     | Learned a level 1 spell: Sandblast
 10288 | D:10     | Noticed Erolcha
 10292 | D:10     | Killed Erolcha
 10292 | D:10     | Reached skill level 12 in Spellcasting
 10292 | D:10     | Reached skill level 1 in Earth Magic
 10435 | D:10     | Noticed a hill giant
 10448 | D:10     | Killed a hill giant
 10448 | D:10     | Reached skill level 10 in Fire Magic
 10579 | D:10     | Noticed an unseen horror
 10620 | D:10     | Killed an unseen horror
 10905 | D:10     | Found a portal to a secret trove of treasure.
 11167 | D:11     | Noticed a cyclops
 11388 | D:11     | Found a staircase to the Lair.
 11393 | D:11     | Reached XP level 11. HP: 57/57 MP: 21/29
 11661 | D:11     | Noticed an unseen horror
 11666 | D:11     | Killed an unseen horror
 11954 | D:11     | Noticed a hill giant
 11969 | D:11     | Killed a hill giant
 12044 | D:11     | Noticed a purple ugly thing
 12052 | D:11     | Killed a purple ugly thing
 12833 | D:11     | Reached skill level 13 in Spellcasting
 12841 | D:11     | Reached ** piety under Vehumet
 12895 | D:11     | Offered knowledge of Shock by Vehumet.
 12916 | D:11     | Reached skill level 5 in Earth Magic
 13108 | D:11     | Noticed a hill giant
 13118 | D:11     | Killed a hill giant
 13254 | D:11     | Noticed a four-headed hydra
 13261 | D:11     | Killed a four-headed hydra
 13364 | D:11     | Noticed a hill giant
 13392 | D:11     | Killed a hill giant
 13392 | D:11     | Reached skill level 10 in Conjurations
 13750 | D:11     | Offered knowledge of Stone Arrow by Vehumet.
 14046 | D:11     | Reached XP level 12. HP: 47/62 MP: 17/31
 14203 | D:11     | Reached *** piety under Vehumet
 14203 | D:11     | Reached skill level 14 in Spellcasting
 14595 | Lair:1   | Entered Level 1 of the Lair of Beasts
 14641 | Lair:1   | Noticed simok's ghost (journeyman DrFE)
 14662 | Lair:1   | Killed simok's ghost
 14670 | Lair:1   | Noticed Sagrath01's ghost (novice DrTm)
 14821 | Lair:1   | Killed Sagrath01's ghost
 15813 | Lair:2   | Noticed feelmyfire's ghost (journeyman MiFi)
 15895 | Lair:2   | Offered knowledge of Mephitic Cloud by Vehumet.
 16204 | Lair:2   | Noticed a five-headed hydra
 16218 | Lair:2   | Killed a five-headed hydra
 16585 | Lair:2   | Reached **** piety under Vehumet
 16817 | Lair:2   | Reached skill level 15 in Spellcasting
 16893 | Lair:2   | Offered knowledge of Lightning Bolt by Vehumet.
 17471 | Lair:2   | Mangled by feelmyfire's ghost

Vault maps used:
D:1:      dpeg_arrival_renting, minmay_strange_pillars, serial_bayou_pond_e,
          serial_bayou_lagoon_a, hangedman_abyss_or_decor_stabs,
          minmay_circled_x
D:2:      first_bread, evilmike_ruin_ashenzari
D:4:      grunt_qazlal_sundering, grunt_temple_overflow_diamond,
          gup_sewer_entry_bowl, uniq_crazy_yiuf_cottage
D:5:      serial_shops, nicolae_shop_competitors_out_of_business,
          uniq_prince_ribbit1
D:6:      serial_shops, shop_fountains, minmay_crossroads
D:7:      minmay_temple_entry_hall, serial_shops, nicolae_shop_behind_doors,
          supply_closet_lemuel, grunt_dithmenos_smoke_and_mirrors, uniq_joseph
D:9:      serial_shops, nicolae_shop_temple_entry_statues_fountains, shop,
          nicolae_shop_window_shopping, shop_statue, shop
D:10:     enter_trove_0, serial_shops, shop, uniq_erolcha
D:11:     erik_lair_orcish_takeover, david_nohive_1
Temple:   nicolae_temple_elliptical
Lair:1:   serial_bayou_shore_a
Lair:2:   beast_lair_carwin_10
Sewer:    sewer_kobolds

Skill      XL: |  1  2  3  4  5  6  7  8  9 10 11 12 |
---------------+-------------------------------------+-----
Fire Magic     | 4 5 6 7 9 10 11 | 11.7
Dodging        | 3 4 5 6 7 |  7.9
Spellcasting   | 4 5 7 9 11 12 13 15 | 15.1
Conjurations   | 2 3 4 5 6 7 8 10 11 | 11.0
Hexes          | 1 2 3 |  3.7
Fighting       | 1 |  1.9
Earth Magic    | 3 6 7 |  7.3
Stealth        | |  2.4
Evocations     | |  0.7

Action                   |  1- 3 |  4- 6 |  7- 9 | 10-12 || total
-------------------------+-------+-------+-------+-------++-------
Melee: Unarmed           |     2 |       |       |       ||     2
       Mace              |       |       |     3 |       ||     3
       Staff             |       |       |     3 |     2 ||     5
 Cast: Flame Tongue      |    53 |   118 |   244 |   385 ||   800
       Inner Flame       |     2 |     1 |     8 |    20 ||    31
       Conjure Flame     |     1 |     3 |    14 |    30 ||    48
       Sticky Flame      |       |       |    17 |    61 ||    78
       Fireball          |       |       |     7 |    49 ||    56
       Sandblast         |       |       |       |     5 ||     5
Evoke: Wand              |       |       |     3 |     4 ||     7
  Use: Scroll            |       |     7 |    15 |     2 ||    24
       Potion            |       |     1 |     1 |     5 ||     7
 Stab: Sleeping          |     2 |       |     2 |       ||     4
  Eat: Chunk             |       |     8 |    19 |    21 ||    48
       Fruit             |       |     1 |     1 |     2 ||     4
       Bread ration      |       |       |       |     1 ||     1
Armor: Robe              |     6 |     3 |    29 |    61 ||    99
       Skin              |       |       |       |     1 ||     1
Dodge: Dodged            |    18 |    34 |    59 |   138 ||   249
Block: Other             |       |       |    22 |    48 ||    70
       Reflection        |       |       |     1 |       ||     1
